Map: Ruins of Seras

Players

Turdzergler - Winner!

  • Race: Zerg Zerg
  • League: Gold

Javert

  • Race: Zerg Zerg
  • League: Gold

VOD

Have the link to the VOD?

Description

Time

  • Played on: Sept. 17, 2015, 7:38 p.m.
  • Length: 7:35
Show
View Real Time Build Order
Export as new Build Order

Turdzergler Zerg - Winner!

Build Orders: Pool First 

Get SALT Encoding   

  12  0:02  Drone  
  13  0:12  Overlord  
  13  0:17  Drone  
  14  0:24  Drone, Extractor  
  14  0:30  Drone  
  14  0:34  Drone  
  16  0:49  Spawning Pool  
  15  0:52  Drone  
  16  0:59  Drone  
  17  1:23  Hatchery  
  16  1:34  Drone  
  16  1:36  Metabolic Boost  
  17  1:44  Queen  
  19  1:49  Zergling x2  
  20  1:54  Zergling x2  
  20  2:01  Overlord  
  21  2:05  Drone  
  22  2:20  Drone  
  22  2:22  Baneling Nest  
  22  2:26  Drone  
  23  2:33  Zergling x2  
  23  2:35  Queen  
  26  2:38  Zergling x2  
  26  2:44  Zergling x2  
  28  2:47  Zergling x2  
  30  2:58  Drone x3  
  30  2:59  Drone  
  33  3:11  Roach Warren  
  32  3:14  Drone  
  32  3:25  Drone, Zergling x4  
  35  3:31  Drone x2  
  36  3:38  Overlord  
  36  3:41  Extractor  
  36  3:47  Drone  
  36  3:49  Overlord x2  
  36  3:56  Queen  
  36  4:00  Roach  
  40  4:05  Roach  
  42  4:15  Drone x2  
  43  4:19  Roach  
  43  4:22  Drone  
  43  4:27  Evolution Chamber  
  43  4:28  Drone  
  43  4:32  Queen  
  45  4:44  Drone x5, Extractor x2  
  48  4:51  Lair  
  48  4:57  Zergling x2  
  48  4:58  Zergling x2  
  50  5:09  Drone  
  50  5:10  Drone x5  
  56  5:16  Roach  
  56  5:20  Overlord  
  58  5:27  Zerg Ground Armor Level 1  
  58  5:39  Roach x4  
  66  5:44  Overlord  
  66  5:45  Overlord  
  66  5:47  Roach  
  66  5:49  Overlord  
  67  5:50  Glial Reconstitution  
  67  5:55  Spore Crawler  
  66  6:06  Roach  
  66  6:07  Roach x4  
  66  6:10  Roach  
  77  6:13  Roach  
  77  6:15  Roach  
  77  6:18  Roach  
  83  6:22  Spore Crawler  
  82  6:36  Roach  
  82  6:37  Roach x3  
  82  6:39  Evolution Chamber, Overlord  
  89  6:52  Overseer  
  89  6:53  Overseer  
  89  6:58  Roach x4  
  89  6:59  Roach  
  99  7:23  Hatchery  
Show
View Real Time Build Order
Export as new Build Order

Javert Zerg 

Build Orders: Pool First 

Get SALT Encoding   

  12  0:01  Drone  
  13  0:14  Overlord  
  13  0:19  Drone  
  14  0:33  Drone x2  
  16  0:37  Drone  
  17  0:48  Drone, Spawning Pool  
  17  0:58  Drone  
  18  1:16  Hatchery  
  17  1:21  Drone x2, Extractor  
  18  1:38  Queen  
  20  1:44  Roach Warren  
  19  1:54  Overlord  
  19  2:24  Roach x3  
  19  2:29  Queen  
  27  2:30  Roach  
  29  2:39  Drone  
  30  2:53  Drone x6  
  36  3:04  Spine Crawler  
  35  3:08  Overlord  
  35  3:15  Baneling Nest  
  34  3:31  Queen  
  34  3:32  Roach x2  
  38  3:43  Overlord  
  38  3:48  Drone x4  
  41  3:55  Drone  
  43  4:07  Zergling x12  
  49  4:24  Drone x2  
  49  4:25  Drone  
  49  4:27  Metabolic Boost, Baneling x5  
  52  4:33  Baneling  
  52  4:35  Overlord  
  52  5:00  Drone x4  
  52  5:01  Drone x4  
  59  5:18  Overlord  
  59  5:21  Lair, Extractor  
  58  5:26  Hatchery, Overlord  
  57  5:29  Extractor x2  
  55  5:36  Evolution Chamber  
  55  5:37  Drone x3  
  55  5:38  Hatchery, Drone  
  56  6:01  Drone x7  
  56  6:02  Drone x2  
  65  6:12  Overlord  
  65  6:15  Overlord  
  65  6:21  Overlord  
  65  6:33  Roach x3  
  65  6:38  Roach x2  
  75  6:41  Overlord  
  75  6:44  Roach  
  77  6:47  Overseer  
  77  6:50  Roach  
  79  6:59  Roach  
  79  7:00  Roach x2  
  85  7:11  Spore Crawler  
  87  7:30  Spine Crawler  
Tags
 
Add a new tag
Caveats
  • Supply blocks, unpowered buildings, or Contaminate may cause inaccurate times.
  • Supply counts are checked every 10 seconds.